 Dungeon Crawl Stone Soup version 0.16.0-17-g811c1d7 (webtiles) character file.

698 Tolias the Skirmisher (level 7, 0/38 HPs)
             Began as a Vine Stalker Hunter on Mar 22, 2015.
             Was a Believer of Makhleb.
             Slain by a centaur
             ... wielding a cursed +0 shortbow
              (2 damage)
             ... on level 5 of the Dungeon.
             The game lasted 00:09:45 (3246 turns).

Tolias the Skirmisher (Vine Stalker Hunter)         Turns: 3246, Time: 00:09:45

Health: 0/38       AC:  7    Str: 15    XL:     7   Next: 65%
Magic:  0/9        EV: 11    Int: 11    God:    Makhleb [**....]
Gold:   139        SH:  0    Dex: 16    Spells: 0 memorised, 6 levels left

rFire  . . .     SeeInvis .     a - +0 dagger (drain)
rCold  . . .     Clarity  .     A - +0 scale mail
rNeg   . . .     SustAb   .     (no shield)
rPois  .         Gourm    .     (no helmet)
rElec  .         Spirit   +     (no cloak)
rCorr  .         Warding  .     (no gloves)
rMut   .         Stasis   .     (no boots)
MR     +....                    (no amulet)
Stlth  ..........               (no ring)
                                u - ring of protection from magic

@: somewhat resistant to hostile enchantments, extremely unstealthy
A: fangs 2, regeneration 2, magic shield, antimagic bite, no device heal 3, rot
immunity
a: Minor Destruction, Renounce Religion


You were on level 5 of the Dungeon.
You worshipped Makhleb.
Makhleb was pleased with you.
You were not hungry.

You visited 1 branch of the dungeon, and saw 5 of its levels.

You collected 236 gold pieces.
You spent 97 gold pieces at shops.

Inventory:

Hand weapons
 a - a +0 dagger of draining (weapon)
 b - a +2 hand crossbow
 e - a +0 club
 g - a +0 short sword
 h - a +0 dagger
 k - a +3 spear
 C - a +0 flail
 F - a +2 falchion of holy wrath
 I - a +0 blowgun
Missiles
 c - 18 bolts
 J - 6 poisoned needles
 K - 5 tomahawks (quivered)
 Q - 12 bolts of flame
Armour
 d - a +0 leather armour
 m - a +0 shield
 A - a +0 scale mail (worn)
 E - the +4 ring mail "Shulenes" {rElec MR- Str+5 Int-5 Stlth+}
   (You found it on level 4 of the Dungeon)

   It affects your strength (+5).
   It affects your intelligence (-5).
   It insulates you from electricity.
   It affects your resistance to hostile enchantments.
   It makes you more stealthy.
 G - a +0 buckler
Jewellery
 u - a ring of protection from magic (left hand)
 M - an uncursed ring of stealth {unknown}
Magical devices
 O - a wand of magic darts (25)
Scrolls
 i - 2 scrolls of fear {unknown}
 j - a scroll of magic mapping {unknown}
 o - 2 scrolls of enchant weapon
 p - 5 scrolls of identify {unknown}
 s - a scroll of recharging {unknown}
 t - a scroll of blinking {unknown}
 w - 2 scrolls of remove curse {unknown}
 y - a scroll of immolation {unknown}
 D - a scroll of amnesia {unknown}
 L - a scroll of teleportation {unknown}
 S - a scroll of enchant armour {unknown}
Potions
 l - 3 potions of heal wounds {unknown}
 n - a potion of resistance {unknown}
 r - 2 potions of curing {unknown}
 v - a potion of might {unknown}
 x - a potion of cure mutation {unknown}
 z - a potion of restore abilities {unknown}
 B - a potion of invisibility {unknown}
 H - a potion of agility {unknown}
 N - a potion of berserk rage {unknown}
 R - a potion of ambrosia {unknown}
Comestibles
 f - 2 bread rations
 q - 2 meat rations
 P - a beef jerky


   Skills:
 + Level 4.6 Fighting
 - Level 3.6 Crossbows
 - Level 3.9 Armour
 - Level 3.8 Dodging
 - Level 1.2 Stealth


You had 6 spell levels left.
You didn't know any spells.

Dungeon Overview and Level Annotations

Branches:
Dungeon (5/15)
 Temple: D:4-7

Altars:
Elyvilon
Makhleb
Zin
The Shining One

Shops:
D:4 }   D:5 ==


Innate Abilities, Weirdness & Mutations

You have extremely sharp teeth.
You heal very quickly.
When hurt, damage is shared between your health and your magic reserves.
Your bite disrupts and absorbs the magic of your enemies.
Potions and wands cannot restore your health.
You are immune to rotting.


Message History

Read which item? (? for menu, Esc to quit)
Okay, then.
Unknown command.
Drink which item? (? for menu, Esc to quit)
Okay, then.
Unknown command.
Drink which item? (? for menu, Esc to quit)
Okay, then.
Unknown command.
Read which item? (? for menu, Esc to quit)
Okay, then.
Unknown command.
The centaur shoots an arrow.
The arrow misses you.
The centaur shoots an arrow.
The arrow hits you!
* * * LOW HITPOINT WARNING * * *
The centaur shoots an arrow.
The arrow hits you!
* * * LOW HITPOINT WARNING * * *
You see here 2 arrows.
The centaur hits you with a shortbow.
You die...

..# #.# #.# #.# #######. #.#
#........ #.# #........
######.## #........ ........#
#.........
........########@c.......
...............(.........
#... ............(...........
......#
............(...........
#.....#
########.........!......
.....# # #...#......$..[.....
#....# #
#...#.........#####.####....#
#
#...##########..............#
# #...# ....≈≈≈≈≈.....##


You could see a centaur.

Vanquished Creatures
  An ice beast (D:4)
  A sky beast (D:3)
  An ogre (D:4)
  A hound (D:4)
  An iguana (D:5)
  A giant frog skeleton (D:3)
  2 orc priests (D:4)
  A worker ant (D:5)
  9 adders
  6 gnolls
  A giant mite (D:4)
  3 worms
  3 giant geckos
  8 orcs (D:4)
  6 bats
  A bat skeleton (D:2)
  4 giant cockroaches
  13 goblins
  12 hobgoblins
  A giant cockroach zombie (D:2)
  A giant gecko skeleton (D:2)
  A giant gecko zombie (D:2)
  4 giant newts
  3 jackals (D:2)
  15 kobolds
  A quokka skeleton (D:2)
  11 rats
112 creatures vanquished.

Notes
Turn   | Place    | Note
--------------------------------------------------------------
     0 | D:1      | Tolias, the Vine Stalker Hunter, began the quest for the Orb.
     0 | D:1      | Reached XP level 1. HP: 11/11 MP: 1/1
   116 | D:1      | Reached XP level 2. HP: 15/15 MP: 3/3
   406 | D:1      | Reached XP level 3. HP: 19/19 MP: 4/4
   846 | D:2      | Found a burning altar of Makhleb.
   852 | D:2      | Became a worshipper of Makhleb the Destroyer
  1063 | D:2      | Reached XP level 4. HP: 19/23 MP: 3/5
  1404 | D:3      | Acquired Makhleb's first power
  1404 | D:3      | Reached XP level 5. HP: 28/28 MP: 7/7
  1720 | D:3      | Noticed a sky beast
  1726 | D:3      | Killed a sky beast
  1726 | D:3      | Reached skill level 4 in Fighting
  1726 | D:3      | Gained mutation: You heal very quickly. [vine stalker growth]
  1726 | D:3      | Reached XP level 6. HP: 33/33 MP: 8/8
  1913 | D:3      | Reached skill level 1 in Armour
  2238 | D:4      | Got a polished ring mail
  2249 | D:4      | Identified the +4 ring mail "Shulenes" {rElec MR- Str+5 Int-5 Stlth+} (You found it on level 4 of the Dungeon)
  2303 | D:4      | Acquired Makhleb's second power
  2368 | D:4      | Reached XP level 7. HP: 37/37 MP: 9/9
  2552 | D:4      | Found Fygos' Gadget Shop.
  2774 | D:4      | Found a glowing silver altar of Zin.
  2774 | D:4      | Found a white marble altar of Elyvilon.
  2784 | D:4      | Found a glowing golden altar of the Shining One.
  2910 | D:4      | Bought a wand of magic darts (25) for 97 gold pieces
  2957 | D:5      | Entered Level 5 of the Dungeon
  3033 | D:5      | Found Clexaofo's Jewellery Shoppe.
  3076 | D:5      | Found Smi Phog's Jewellery Emporium.
  3245 | D:5      | HP: 1/38 [centaur/arrow (8)]
  3246 | D:5      | Slain by a centaur

Action                   |  1- 3 |  4- 6 |  7- 9 || total
-------------------------+-------+-------+-------++-------
Melee: Dagger            |    94 |   113 |    70 ||   277
       Club              |     3 |       |       ||     3
 Fire: Hand crossbow     |    16 |    16 |     5 ||    37
  Use: Scroll            |     1 |       |       ||     1
 Stab: Sleeping          |     5 |       |       ||     5
       Distracted        |       |     1 |       ||     1
  Eat: Chunk             |     1 |     1 |     1 ||     3
       Bread ration      |       |     1 |       ||     1
